 Dungeon Crawl Stone Soup version 0.29-a0-418-gc0181ea820 (console) character file.

Game seed: 2642229109080597190

54 om the Poker (level 3, -5/45 HPs)
             Began as a Merfolk Berserker on May 17, 2022.
             Was a Believer of Trog.
             Slain by an ogre
             ... wielding a +0 giant club
              (31 damage)
             ... on level 3 of the Dungeon.
             The game lasted 00:04:39 (2078 turns).

om the Poker (Merfolk Berserker)                    Turns: 2078, Time: 00:04:40

Health: -5/45      AC:  4    Str: 17    XL:     3   Next: 91%
Magic:  3/3        EV: 17    Int:  6    God:    Trog [**....]
Gold:   33         SH:  0    Dex: 15    Spells: 2/2 levels left

rFire   . . .      SeeInvis .   i - +0 spear (flame)
rCold   . . .      Faith    .   (no shield)
rNeg    . . .      Spirit   .   c - +1 leather armour {Will+}
rPois   +          Reflect  .   (no helmet)
rElec   .          Harm     .   (no cloak)
rCorr   .          Rampage  .   (no gloves)
Will    +....                   (no boots)
Stlth   ..........              (no amulet)
HPRegen 0.15/turn               l - +4 ring of evasion
MPRegen 0.08/turn               m - ring of poison resistance

@: berserking, very quick
A: (nimble swimmer 2), mertail
a: Renounce Religion, Berserk, Trog's Hand


You were on level 3 of the Dungeon.
You worshipped Trog.
Trog was pleased with you.
You visited 1 branch of the dungeon, and saw 3 of its levels.

You collected 33 gold pieces.

Inventory:

Hand Weapons
 a - a +1 spear
 i - a +0 spear of flaming (weapon)
Armour
 c - a +1 leather armour of willpower (worn)
 h - a +0 scale mail
Jewellery
 l - a +4 ring of evasion (left hand)
 m - a ring of poison resistance (right hand)
Scrolls
 b - a scroll of enchant weapon
 e - a scroll of fog
 j - a scroll of fear
Potions
 d - 2 potions of haste {unknown}
 f - a potion of might {unknown}
 g - a potion of curing {unknown}
 k - a potion of mutation {unknown}


   Skills:
 + Level 3.8 Fighting
 + Level 4.6 Polearms
 + Level 1.9 Armour
 + Level 3.6 Dodging


You had 2 spell levels left.
You didn't know any spells.
Your spell library was empty.

Dungeon Overview and Level Annotations

Branches:
Dungeon (3/15)

Altars:
Nemelex Xobeh
Ru
Yredelemnul


Innate Abilities, Weirdness & Mutations

((You are very nimble when in or above water. (Stealth+, EV+, Speed+++)))
Your lower body shifts to a powerful aquatic tail in water.


Message History

HP restored.
Found a quarterstaff.
You see here a +0 quarterstaff.
You see here a +0 quarterstaff.
You see here a +0 whip.
You see here a +0 whip.
You see here a +0 whip.
Found a stone staircase leading down.
There is a stone staircase leading up here.
Your legs become a tail as you enter the water.
Your legs become a tail as you enter the water.
Your legs become a tail as you enter the water.
You open the door.
There is an open door here.
You open the door.
Found a sacrificial altar of Ru.
You open the door.
Found a basalt altar of Yredelemnul.
There is an open door here.
You open the door.
Found a sparkling altar of Nemelex Xobeh.
There is an open door here.
There is an open door here.
Found a dagger.
Found a stone staircase leading down.
Found a ring mail.
An ogre comes into view. It is wielding a +0 giant club.
A red film seems to cover your vision as you go berserk!
You feel yourself moving faster!
You feel mighty!
The ogre shouts!
You hit the ogre. You burn the ogre.
The ogre is moderately wounded.
The ogre hits you with a +0 giant club!!
You completely miss the ogre.
The ogre is moderately wounded.
You puncture the ogre! You burn the ogre.
The ogre is severely wounded.
The ogre hits you with a +0 giant club!!
Ouch! That really hurt!
You die...

#...### ###.#
#>..# #.# # #...#
#.# ###...# #.#
.##...# #.#
.###..# #.# .#
###'###.##########
.#
..P.P...[.........
..
..........@.....#
###
######...##O###.#
#..## .# #### ##


You could see an ogre.

Vanquished Creatures
  A gnoll (D:1)
  A worm (D:2)
  A dart slug (D:3)
  3 endoplasms
  A giant cockroach (D:2)
  5 hobgoblins
  4 jackals (D:2)
  3 kobolds
  2 quokkas
  2 ball pythons
  4 bats
  3 frilled lizards
  3 goblins
  5 rats
38 creatures vanquished.

Notes
Turn   | Place    | Note
-------+----------+-------------------------------------------
     0 | D:1      | om the Merfolk Berserker began the quest for the Orb.
     0 | D:1      | Reached XP level 1. HP: 18/18 MP: 1/1
    33 | D:1      | Reached XP level 2. HP: 24/24 MP: 2/2
   959 | D:2      | Reached XP level 3. HP: 27/29 MP: 3/3
  1095 | D:2      | Reached ** piety under Trog
  2010 | D:3      | Found a sacrificial altar of Ru.
  2013 | D:3      | Found a basalt altar of Yredelemnul.
  2017 | D:3      | Found a sparkling altar of Nemelex Xobeh.
  2074 | D:3      | Noticed an ogre
  2078 | D:3      | Slain by an ogre

Illustrated notes

Levels and vault maps discovered:
D:1:      amcnicky_arrival_double_pillar, layout_rooms, lemuel_old_faithful
D:2:      layout_rooms, kennysheep_generic_room_7
D:3:      minmay_recursive_quarters, layout_loops_ring,
          grunt_temple_overflow_order_and_chaos_1,
          grunt_temple_overflow_diamond,
          dreamdust_ecumenical_altar_sealed_demon,
          chequers_serial_rivers_small_a

Skill      XL: |  1 |
---------------+----+-----
Dodging        | 3 |  3.6
Fighting       | |  3.8
Polearms       | |  4.6
Armour         | |  1.9

Action                   || total
-------------------------++-------
Melee: Spear             ||   121
       Punch             ||     1
Invok: Berserk           ||     3
  Use: Scroll            ||     5
 Stab: Sleeping          ||     1
Armor: Scale mail        ||    24
       Animal skin       ||     1
       Leather armour    ||     1
Dodge: Dodged            ||    58

Table legend: (Time is in decaauts)
 A = Elapsed time spent in this place.
 B = Non-inter-level travel time spent in this place.
 C = Inter-level travel time spent in this place.
 D = Time resting spent in this place.
 E = Time spent auto-exploring this place.
 F = Levels seen in this place.
 G = Mean time per level.
                   A        B        C        D        E       F      G
               +--------+--------+--------+--------+--------+-----+--------+
         Total |   2063 |   2029 |     34 |    346 |   1321 |   3 |  687.7 |
       Dungeon |   2063 |   2029 |     34 |    346 |   1321 |   3 |  687.7 |
               +--------+--------+--------+--------+--------+-----+--------+

Top non-repeatable levels by time:
     D:1: 940 daAuts
     D:2: 746 daAuts
     D:3: 376 daAuts
